Match 28064632
Unlisted

Match 28064632
End
Kettenkrad Recon Vehicle
Selects Luftwaffe Battlegroup
Selects Luftwaffe Pioneer Support
Fallschirmpioneer Squad Paradrop
Construct Infanterie Kompanie
Construct Infanterie Kompanie
MG 42 Machine Gun Team
Fallschirmpioneer Squad Paradrop
Medical Station
GrW 34 Mortar Team
Selects Stuka Strafing Run
Selects Fallschirmjäger Squad Paradrop
Fallschirmjäger Squad Paradrop
Construct Panzergrenadier Kompanie
Construct Panzergrenadier Kompanie
251 Medium Carrier
Pak 40 Anti-tank Gun Team
Stuka Strafing Run
Fallschirmjäger Squad Paradrop
Construct Panzer Kompanie
Panzer IV Medium Tank
Selects Stuka Loiter
Selects LG40 Recoilless Gun Paradrop
Stuka Strafing Run
Stuka Loiter
Sturmpanzer IV Brummbär
pagep
sarigom
MightySwift
sniper
0
0

Comments sign in to comment!

No comments posted yet!